 Dungeon Crawl Stone Soup version 0.18-a0-1253-g9e1c3a1 (webtiles) character file.

44 Jenkins the Ruffian (level 3, -1/29 (31) HPs)
             Began as a Ghoul Monk on Feb 6, 2016.
             Slain by an iron imp (4 damage)
             ... summoned by Natasha
             ... on level 2 of the Dungeon.
             The game lasted 00:07:53 (2232 turns).

Jenkins the Ruffian (Ghoul Monk)                    Turns: 2232, Time: 00:07:53

HP:   -1/29 (31)    AC:  3    Str: 15    XL:     3   Next: 62%
MP:   2/2           EV: 13    Int:  5    God:
Gold: 67            SH:  0    Dex: 11    Spells: 0 memorised, 2 levels left

rFire  . . .     SeeInvis .       - Unarmed
rCold  + . .     Gourm    .     a - +0 robe
rNeg   + + +     Faith    .     (no shield)
rPois  ∞         Spirit   .     (no helmet)
rElec  .         Dismiss  .     (no cloak)
rCorr  .         Reflect  .     (no gloves)
SustAt .         Harm     .     c - +0 pair of boots
MR     .....                    (no amulet)
Stlth  ++........               (no ring)
                                (no ring)

@: rotting, slowed, very slow, not resistant to hostile enchantments, unstealthy
A: rotting body, claws 1, carnivore 3, cold resistance 1, negative energy
resistance 3, slow regeneration 1, torment resistance, unbreathing
a: no special abilities


You were on level 2 of the Dungeon.
You were not hungry.

You visited 1 branch of the dungeon, and saw 2 of its levels.

You collected 67 gold pieces.

Inventory:

Hand Weapons
 i - a +1 spear
 j - a +1 dagger of speed
 k - a +0 arbalest
Missiles
 f - 14 poisoned needles (quivered)
 g - 8 curare-tipped needles
Armour
 a - a +0 robe (worn)
 c - a +0 pair of boots (worn)
Scrolls
 l - a scroll of enchant weapon
Potions
 d - a potion of heal wounds {unknown}
 e - a potion of lignification
 h - a potion of invisibility {unknown}
 m - a potion of curing {unknown}
 n - a potion of cancellation {unknown}
Comestibles
 b - 2 meat rations


   Skills:
 + Level 3.5 Fighting
 + Level 3.1 Dodging
 + Level 2.5 Stealth
 + Level 5.0 Unarmed Combat


You had 2 spell levels left.
You didn't know any spells.

Dungeon Overview and Level Annotations

Branches:
Dungeon (2/15)

Altars:

Annotations:
D:2 Natasha


Innate Abilities, Weirdness & Mutations

Your body is rotting away.
You thrive on raw meat.
You are immune to poison.
You have sharp fingernails.
You are carnivorous and can eat meat at any time.
Your flesh is cold resistant.
You are immune to negative energy.
You regenerate slowly when monsters are visible.
You are immune to unholy pain and torment.
You can survive without breathing.


Message History

The iron imp is lightly wounded.
Natasha casts a spell at you.
You feel yourself slow down. The iron imp hits you.
The crimson imp closely misses you.
You scratch the iron imp.
The iron imp is moderately wounded.
Natasha casts a spell at you. The magic dart hits you! The iron imp hits you.
* * * LOW HITPOINT WARNING * * *
The crimson imp picks up a beetle and eats it.
The crimson imp hits you but does no damage.
Natasha closely misses you. The crimson imp misses you.
The crimson imp hits you.
* * * LOW HITPOINT WARNING * * *
Drink which item? (? for menu, Esc to quit)
It was a potion of lignification.
You feel woody for a moment. The crimson imp closely misses you.
Natasha claws you.
* * * LOW HITPOINT WARNING * * *
The iron imp hits you.
You die...

***,,,..,,,,,* #.##......# #.
*,,,...#.*** #.##......# #.
*,,**#.#?****#.##......# #.
*,,,,,...,,,,#.##......# #.
*,****,#.###+#....#+#######'
*,,,,,,#.............# #....
****#####......#....#.# #....
*<,,...........#....#,# #....
*****####..5@..#....#+###....
********,,*,+..55h.#.............
*,,,,,,,,,*,#......#.........###.
*,******,**,#......##).......###.
*,* *,,,........##........##..
*,* ***##.......##........##..
*,* #.......##........##.. *,*
#.......####.###..##.. *,******
#..?....# #.# *#.##..


You could see an iron imp, Natasha and 2 crimson imps.

Vanquished Creatures
  A gnoll (D:1)
  An ooze (D:1)
  A worm (D:2)
  A giant gecko (D:1)
  A ball python (D:1)
  2 giant cockroaches (D:1)
  3 goblins (D:1)
  3 hobgoblins (D:1)
  5 kobolds (D:1)
  A quokka (D:2)
  3 bats
  A giant newt (D:1)
  4 rats (D:1)
27 creatures vanquished.

Vanquished Creatures (others)
  4 toadstools (D:1)
4 creatures vanquished.

Grand Total: 31 creatures vanquished

Notes
Turn   | Place    | Note
--------------------------------------------------------------
     0 | D:1      | Jenkins the Ghoul Monk began the quest for the Orb.
     0 | D:1      | Reached XP level 1. HP: 19/19 MP: 0/0
   261 | D:1      | Reached XP level 2. HP: 17/26 MP: 1/1
   813 | D:1      | Reached XP level 3. HP: 21/31 MP: 2/2
  1043 | D:1      | Reached skill level 5 in Unarmed Combat
  2220 | D:2      | Noticed Natasha
  2232 | D:2      | Slain by an iron imp

Vault maps used:
D:1:      ldierk_walled_garden_2
D:2:      uniq_natasha

Action                   || total
-------------------------++-------
Melee: Unarmed           ||    47
       Spear             ||    49
  Use: Scroll            ||     3
       Potion            ||     1
 Stab: Sleeping          ||     3
  Eat: Chunk             ||     7
       Pizza             ||     1
